 Dungeon Crawl Stone Soup version 0.30-a0-778-g2ef04afb54 (webtiles) character file.

Game seed: 16811208238418218366

287 funkygono the Firebug (level 6, 0/36 HPs)
             Began as an Octopode Fire Elementalist on Feb 16, 2023.
             Was an Initiate of Sif Muna.
             Slain by Edmund
             ... wielding a +1 dire flail of protection
              (11 damage)
             ... on level 4 of the Dungeon.
             The game lasted 00:05:18 (3940 turns).

funkygono the Firebug (Octopode Fire Elementalist)  Turns: 3940, Time: 00:05:19

Health: 0/36       AC:  1    Str:  7    XL:     6   Next: 30%
Magic:  10/11      EV: 13    Int: 19    God:    Sif Muna [......]
Gold:   187        SH:  0    Dex: 13    Spells: 5/12 levels left

rFire   + . .      SeeInvis .    v - +0 falchion
rCold   . . .      Faith    .    (no shield)
rNeg    . . .      Spirit   .    (helmet restricted)
rPois   .          Reflect  .    (no amulet)
rElec   .          Harm     .    g - ring of fire
rCorr   .          Rampage  .    c - ring of protection from cold
Will    .....                    (no ring)
Stlth   +++                      (no ring)
HPRegen 0.26/turn                (no ring)
MPRegen 0.12/turn                (no ring)
                                 (no ring)
                                 (no ring)

@: studying Conjurations
A: almost no armour, amphibious, 8 rings, camouflage 1, gelatinous body 1,
(nimble swimmer 1), tentacles
a: Renounce Religion


You were on level 4 of the Dungeon.
You worshipped Sif Muna.
Sif Muna was noncommittal.
You visited 1 branch of the dungeon, and saw 4 of its levels.

You collected 187 gold pieces.

Inventory:

Hand Weapons
 m - a +0 short sword
 v - a +0 falchion (weapon)
Armour
 e - a +2 kite shield
Magical Staves
 w - a staff of fire
Jewellery
 c - a ring of protection from cold (right tentacle)
 g - a ring of fire (left tentacle)
Scrolls
 b - 2 scrolls of summoning {unknown}
 d - 5 scrolls of identify {unknown}
 f - 2 scrolls of teleportation {unknown}
 l - 3 scrolls of immolation {unknown}
 n - a scroll of fear {unknown}
 o - a scroll of amnesia {unknown}
 q - 2 scrolls of enchant armour {unknown}
 r - a scroll of torment {unknown}
 t - a scroll of blinking {unknown}
 u - a scroll of enchant weapon {unknown}
 x - a scroll of brand weapon {unknown}
 y - a scroll of vulnerability {unknown}
Potions
 h - 2 potions of brilliance {unknown}
 i - 2 potions of heal wounds {unknown}
 j - a potion of berserk rage {unknown}
 k - a potion of ambrosia {unknown}
 p - a potion of resistance {unknown}
 s - a potion of degeneration {unknown}
 z - a potion of curing {unknown}


   Skills:
 + Level 0.2 Fighting
 + Level 2.4 Dodging
 + Level 3.3 Stealth
 + Level 3.8 Spellcasting
 + Level 3.3 Conjurations
 + Level 4.7 Fire Magic


You had 5 spell levels left.
You knew the following spells:

 Your Spells              Type           Power      Damage    Failure   Level
a - Foxfire               Conj/Fire      100%       2x1d9     2%          1
b - Scorch                Fire           64%        2d8       3%          2
c - Flame Wave            Conj/Fire      28%        2d9       26%         4

Your spell library contained the following spells:

 Spells                   Type           Power      Damage    Failure   Level
 Freeze                   Ice            12%        1d3       14%         1
 Inner Flame              Hex/Fire       19%        N/A       16%         3
 Hailstorm                Conj/Ice       10%        3d5       22%         3
 Kindle Blastsparks       Fire/Tloc/Air  28%        2d12      22%         3
 Frozen Ramparts          Ice            6%         1d1       38%         3


Dungeon Overview and Level Annotations

Branches:
Dungeon (4/15)
 Temple: D:4-7

Altars:
Cheibriados
Sif Muna
Zin

Shops:
D:3 !

Annotations:
D:4 Edmund


Innate Abilities, Weirdness & Mutations

You cannot wear most types of armour.
You are amphibious.
You can wear up to eight rings at the same time.
Your skin changes colour to match your surroundings (Stealth+).
Your rubbery body absorbs attacks. (AC +1, EV +1)
((You are camouflaged when in or above water. (Stealth+)))
You have tentacles for arms and can constrict up to eight enemies at once.


Message History

You feel a surge of power!
Flames lash Edmund but do no damage.
The foxfire hits Edmund but does no damage.
The foxfire hits Edmund.
Edmund is lightly wounded.
The foxfire hits Edmund.
Edmund is lightly wounded.
Unknown command.
Casting: Scorch (safe; 3% risk of failure)
Confirm with . or Enter, or press ? or * to list all spells.
You feel a surge of power!
You conjure some foxfire!
Edmund closely misses you.
Casting: Foxfire (safe; 2% risk of failure)
Confirm with . or Enter, or press ? or * to list all spells.
You feel a surge of power!
Flames lash Edmund but do no damage.
The foxfire hits Edmund.
Edmund is moderately wounded.
The foxfire hits Edmund.
Edmund is moderately wounded.
Edmund hits you with a +1 dire flail of protection!
Unknown command.
Casting: Scorch (safe; 3% risk of failure)
Confirm with . or Enter, or press ? or * to list all spells.
You feel a surge of power!
You conjure some foxfire!
Edmund hits you with a +1 dire flail of protection!
* * * LOW HITPOINT WARNING * * *
Casting: Foxfire (safe; 2% risk of failure)
Confirm with . or Enter, or press ? or * to list all spells.
You feel a surge of power!
Flames lash Edmund but do no damage.
The foxfire hits Edmund but does no damage.
Edmund is moderately wounded.
The foxfire hits Edmund!
Edmund is heavily wounded.
Edmund barely misses you.
Unknown command.
Magic courses through your body.
Edmund drinks a potion.
Edmund flickers and vanishes!
Deactivating autopickup; reactivate with Ctrl-A.
Casting: Scorch (safe; 3% risk of failure)
Confirm with . or Enter, or press ? or * to list all spells.
You feel a surge of power!
You conjure some foxfire!
Something hits you!
You die...

###.##.####.P...
#.##.#. .PP..
######.##.#.. ###.
#......##.#..
#.####.##.#.## #.#
#.##.#..## # #.#
#..>.#..§# .# #.#
#....#..##..# #.#
#....#.v@{..#
####.#
##.#...v.#..#
.....# ##..#.....#
.#
.#######.#.#.#...#
#.. .#
#.#....#...# #..
.# ##...#.#...#
#.# .#
##...#.#...# #.#
.# ##.###†.#....
#.####### .#
#.###)#.#)#...
#....)..


There were no monsters in sight!

Vanquished Creatures
  A scorpion (D:2)
  An orc priest (D:3)
  A hound (D:4)
  An orc wizard (D:2)
  7 adders
  2 worms (D:3)
  2 dart slugs
  5 orcs
  3 endoplasms
  5 giant cockroaches
  10 goblins
  10 hobgoblins
  11 kobolds
  5 ball pythons
  6 bats
  4 rats
74 creatures vanquished.

Vanquished Creatures (others)
  214 foxfires
214 creatures vanquished.

Grand Total: 288 creatures vanquished

Notes
Turn   | Place    | Note
-------+----------+-------------------------------------------
     0 | D:1      | funkygono the Octopode Fire Elementalist began the quest
                  | for the Orb.
     0 | D:1      | Reached XP level 1. HP: 11/11 MP: 3/3
   240 | D:1      | Reached XP level 2. HP: 17/17 MP: 1/5
   243 | D:1      | Learned a level 2 spell: Scorch
   833 | D:2      | Reached XP level 3. HP: 21/21 MP: 2/6
  1029 | D:2      | Noticed a scorpion
  1038 | D:2      | Killed a scorpion
  1039 | D:2      | Reached skill level 4 in Fire Magic
  1039 | D:2      | Reached XP level 4. HP: 26/27 MP: 0/8
  1316 | D:2      | Reached XP level 5. HP: 31/31 MP: 2/9
  1324 | D:2      | Learned a level 4 spell: Flame Wave
  2591 | D:3      | Reached XP level 6. HP: 27/36 MP: 6/11
  2642 | D:3      | Found Cyveoshe's Distillery.
  2672 | D:3      | Found a snail-covered altar of Cheibriados.
  2870 | D:3      | Found a large runed translucent door.
  2870 | D:3      | Found a large runed translucent door.
  3544 | D:3      | Found a glowing silver altar of Zin.
  3571 | D:3      | Found a shimmering blue altar of Sif Muna.
  3581 | D:3      | Became a worshipper of Sif Muna the Loreminder
  3930 | D:4      | Noticed Edmund
  3940 | D:4      | Slain by Edmund

Illustrated notes

Levels and vault maps discovered:
D:1:      dpeg_arrival_court, layout_rooms
D:2:      layout_basic, minmay_goblin_outpost
D:3:      layout_loops_ring, cheibrodos_worm_habitat, jmf_multi_god_temple2,
          serial_shops, nicolae_square_shop, grunt_ministairs_6, minivault_5,
          amethyst_killhole
D:4:      layout_loops_ring, sigmund_edmund_badplayer

Skill      XL: |  1  2  3  4  5 |
---------------+----------------+-----
Stealth        | 3 |  3.3
Fire Magic     | 4 |  4.7
Spellcasting   | 3 |  3.8
Conjurations   | 3 |  3.3
Fighting       | |  0.2
Dodging        | |  2.4

Action                     |  1- 3 |  4- 6 || total
---------------------------+-------+-------++-------
  Melee: Unarmed           |     6 |       ||     6
         Constrict         |     3 |     2 ||     5
         Tentacles         |     1 |     1 ||     2
         Short sword       |     1 |     3 ||     4
   Cast: Foxfire           |    26 |   100 ||   126
         Scorch            |     5 |    18 ||    23
    Use: Potion            |       |     1 ||     1
 Armour: Skin              |     5 |     4 ||     9
  Dodge: Dodged            |    15 |    18 ||    33

Table legend: (Time is in decaauts)
 A = Elapsed time spent in this place.
 B = Non-inter-level travel time spent in this place.
 C = Inter-level travel time spent in this place.
 D = Time resting spent in this place.
 E = Time spent auto-exploring this place.
 F = Levels seen in this place.
 G = Mean time per level.
                   A        B        C        D        E       F      G
               +--------+--------+--------+--------+--------+-----+--------+
         Total |   3942 |   3832 |    110 |     20 |   3296 |   4 |  985.5 |
       Dungeon |   3942 |   3832 |    110 |     20 |   3296 |   4 |  985.5 |
               +--------+--------+--------+--------+--------+-----+--------+

Top non-repeatable levels by time:
     D:2: 1478 daAuts
     D:3: 1245 daAuts
     D:1: 906 daAuts
     D:4: 311 daAuts
